[Event "8th RTU Open 2018"]
[Site "Riga"]
[Date "2018.08.06"]
[Round "1"]
[White "Svane, Rasmus"]
[Black "House, Glenn L"]
[Result "1-0"]
[ECO "A05"]
[WhiteElo "2591"]
[BlackElo "2200"]
[Annotator "ChessBase"]
[PlyCount "143"]
[EventDate "2018.08.06"]
[EventType "swiss"]
[EventCountry "LAT"]
[SourceTitle "playchess.com"]
[Source "ChessBase"]
[SourceQuality "1"]
[TimeControl "5400+30"]

1. Nf3 Nf6 2. c4 e6 3. g3 b6 4. Bg2 Bb7 5. O-O Be7 6. d4 O-O 7. Re1 d5 8. cxd5 exd5 9. Nc3 Na6 10. Bf4 c5 11. dxc5 Nxc5 12. Rc1 Ne6 13. Be5 Ng4 14. Bd4 Bc5 15. e3 Re8 16. Rc2 Bxd4 17. Nxd4 Nf6 18. Rd2 Nc5 19. Nde2 Qe7 20. Nxd5 Nxd5 21. Bxd5 Ne4 22. Bxb7 Qxb7 23. Rd7 Qc6 24. Nc3 Nxc3 25. bxc3 Qxc3 26. Re2 Qf6 27. Rc2 Rad8 28. Rcd2 Rxd7 29. Rxd7 g6 30. Rxa7 Rd8 31. Qe2 h5 32. h4 Qa1+ 33. Kg2 Qd1 34. Qb2 Qd5+ 35. Kh2 Qf3 36. Rc7 Kh7 37. Rc1 Rd6 38. Re1 Qf6 39. Qe2 Qc3 40. Kg2 Kg7 41. Rd1 Qc6+ 42. Kg1 Rxd1+ 43. Qxd1 Kg8 44. Qd8+ Kg7 45. Qd4+ Kg8 46. e4 Qc1+ 47. Kg2 Qc7 48. Qd5 Qe7 49. Kg1 Kh7 50. Qc6 Qb4 51. Kg2 Qa3 52. Qc4 Qe7 53. Kg1 Kg8 54. Qb3 Qd6 55. a3 Qd4 56. Qb4 Qd1+ 57. Kh2 Qd8 58. e5 Qc7 59. Qb5 Kg7 60. Qd5 Qe7 61. Qd4 Qe6 62. a4 Kf8 63. Qd8+ Kg7 64. Qd4 Kf8 65. Qb4+ Kg7 66. Qf4 Qc6 67. Qd4 Qe6 68. Kg1 Kf8 69. Kf1 Qc6 70. Ke2 Ke7 71. Kd3 Kf8 72. Qd6+ 1-0

[Event "8th RTU Open 2018"]
[Site "Riga"]
[Date "2018.08.06"]
[Round "1"]
[White "Petrosyan, Manuel"]
[Black "Kukk, Sander"]
[Result "1-0"]
[ECO "B06"]
[WhiteElo "2567"]
[BlackElo "2194"]
[Annotator "ChessBase"]
[PlyCount "57"]
[EventDate "2018.08.06"]
[EventType "swiss"]
[EventCountry "LAT"]
[SourceTitle "playchess.com"]
[Source "ChessBase"]
[SourceQuality "1"]
[TimeControl "5400+30"]

1. d4 g6 2. e4 Bg7 3. Nc3 c6 4. Be3 d5 5. Qd2 dxe4 6. Nxe4 Nd7 7. c3 Ngf6 8. Nxf6+ Nxf6 9. Nf3 O-O 10. Bc4 Nd5 11. Bg5 Bg4 12. Ne5 Be6 13. Bh6 f6 14. Nd3 Qd6 15. O-O g5 16. Bxg7 Kxg7 17. Nc5 Bc8 18. Rae1 b6 19. Ne4 Qf4 20. Qe2 Qc7 21. Ng3 Rf7 22. f4 h6 23. fxg5 hxg5 24. Qe4 Qd6 25. Bd3 Kf8 26. Qg6 Bg4 27. Ne4 Qc7 28. Nxg5 Rg7 29. Qh6 1-0

[Event "8th RTU Open 2018"]
[Site "Riga"]
[Date "2018.08.06"]
[Round "1"]
[White "Zakhartsov, Viacheslav V"]
[Black "Huber, Philipp"]
[Result "1-0"]
[ECO "A53"]
[WhiteElo "2544"]
[BlackElo "2189"]
[Annotator "ChessBase"]
[PlyCount "155"]
[EventDate "2018.08.06"]
[EventType "swiss"]
[EventCountry "LAT"]
[SourceTitle "playchess.com"]
[Source "ChessBase"]
[SourceQuality "1"]
[TimeControl "5400+30"]

1. d4 Nf6 2. c4 d6 3. Nf3 Nbd7 4. Nc3 c6 5. e4 e5 6. Be2 Be7 7. O-O O-O 8. Be3 Ng4 9. Bd2 Ngf6 10. d5 Nc5 11. Qc2 a5 12. Be3 Qc7 13. Nd2 Ne8 14. a3 f5 15. f3 f4 16. Bf2 Na6 17. dxc6 bxc6 18. Rab1 Rb8 19. Rfc1 Nf6 20. c5 Nxc5 21. Bxc5 dxc5 22. Na4 Kh8 23. Nb3 g5 24. Nbxc5 g4 25. Qc3 gxf3 26. Bxf3 Ng4 27. Nd3 Bf6 28. Qxc6 Qg7 29. Qd6 Rb7 30. Rxc8 Rxc8 31. Bxg4 Qxg4 32. Qxf6+ Rg7 33. Ne1 Rc2 34. Qxg7+ Kxg7 35. Nxc2 f3 36. Ne1 Qxe4 37. Nc3 Qe3+ 38. Kf1 e4 39. gxf3 exf3 40. Rd1 Qf4 41. a4 Qxh2 42. Nxf3 Qxb2 43. Rd3 Kg6 44. Nd4 h5 45. Nde2 h4 46. Kg2 Qb7+ 47. Rd5 Qc8 48. Nf4+ Kf7 49. Nce2 Qg4+ 50. Kh2 Qf3 51. Rxa5 Qf2+ 52. Kh3 Qf1+ 53. Kg4 h3 54. Ng3 Qc4 55. Kxh3 Ke8 56. Re5+ Kd7 57. Re4 Qf7 58. Kg4 Kc6 59. Nf5 Kb6 60. Ne3 Qg8+ 61. Kf3 Ka5 62. Nfd5 Qc8 63. Nc4+ Ka6 64. Nde3 Qh3+ 65. Ke2 Qh1 66. Re6+ Ka7 67. a5 Qa1 68. Kd3 Qg7 69. Ke4 Qc7 70. Kd4 Qf4+ 71. Kd5 Qg5+ 72. Kc6 Qd8 73. Nd5 Qc8+ 74. Nc7 Qb7+ 75. Kd7 Qc8+ 76. Kd6 Qd8+ 77. Kc6 Qc8 78. Nd6 1-0

[Event "8th RTU Open 2018"]
[Site "Riga"]
[Date "2018.08.06"]
[Round "1"]
[White "Anurag, Mhamal"]
[Black "Breivik, Lars H"]
[Result "1-0"]
[ECO "B06"]
[WhiteElo "2484"]
[BlackElo "2168"]
[Annotator "ChessBase"]
[PlyCount "85"]
[EventDate "2018.08.06"]
[EventType "swiss"]
[EventCountry "LAT"]
[SourceTitle "playchess.com"]
[Source "ChessBase"]
[SourceQuality "1"]
[TimeControl "5400+30"]

1. d4 g6 2. e4 Bg7 3. Nc3 c6 4. Nf3 d6 5. Bc4 Nf6 6. e5 dxe5 7. Nxe5 O-O 8. O-O Nd5 9. Re1 Be6 10. Ne4 Nc7 11. Bf1 Nd7 12. Nxd7 Qxd7 13. c3 b6 14. Bf4 Nd5 15. Bd2 f6 16. Qa4 Rfd8 17. Rad1 Bf7 18. Qa3 Nc7 19. b3 Re8 20. g3 Nb5 21. Qc1 Nd6 22. f3 Rad8 23. Bg2 Nf5 24. Qc2 Bd5 25. Bc1 Nd6 26. Nf2 Qf5 27. Rd3 Qd7 28. Bb2 Bf7 29. Bh3 f5 30. Rde3 Nb5 31. Nd3 e6 32. Ne5 Qd6 33. a4 Nc7 34. c4 c5 35. dxc5 Qxc5 36. f4 Nd5 37. Bc1 Nxe3 38. Bxe3 Qb4 39. Re2 Qa3 40. Kf2 Qd6 41. c5 bxc5 42. Bxc5 Qc7 43. Bg2 1-0

[Event "8th RTU Open 2018"]
[Site "Riga"]
[Date "2018.08.06"]
[Round "1"]
[White "Gretarsson, Helgi Ass"]
[Black "Smirnova, Ekaterina"]
[Result "1/2-1/2"]
[ECO "D02"]
[WhiteElo "2480"]
[BlackElo "2165"]
[Annotator "ChessBase"]
[PlyCount "81"]
[EventDate "2018.08.06"]
[EventType "swiss"]
[EventCountry "LAT"]
[SourceTitle "playchess.com"]
[Source "ChessBase"]
[SourceQuality "1"]
[TimeControl "5400+30"]

1. d4 d5 2. Nf3 Nf6 3. g3 Bg4 4. Bg2 e6 5. c4 c6 6. Qb3 Qb6 7. Nc3 Be7 8. c5 Qxb3 9. axb3 Bxf3 10. Bxf3 Na6 11. e3 O-O 12. Be2 Nc7 13. b4 a6 14. f3 Nd7 15. e4 Nb5 16. Be3 f5 17. Kd2 Nf6 18. Bxb5 axb5 19. exf5 exf5 20. Bg5 h6 21. Bxf6 Bxf6 22. Kd3 Kf7 23. Ra3 Rxa3 24. bxa3 Ra8 25. Ra1 Ke7 26. a4 bxa4 27. Ra3 Kd7 28. b5 cxb5 29. Nxb5 Kc6 30. Nc3 Bd8 31. Nxa4 Bc7 32. Ra2 g6 33. Nc3 Rxa2 34. Nxa2 Ba5 35. Nc1 b6 36. Nb3 Bb4 37. cxb6 Kxb6 38. Na1 Kc6 39. Nc2 Bd6 40. f4 Kd7 41. Ne1 1/2-1/2

[Event "8th RTU Open 2018"]
[Site "Riga"]
[Date "2018.08.06"]
[Round "1"]
[White "Laurusas, Tomas"]
[Black "Tishova, Svetlana"]
[Result "1-0"]
[ECO "E10"]
[WhiteElo "2463"]
[BlackElo "2160"]
[Annotator "ChessBase"]
[PlyCount "49"]
[EventDate "2018.08.06"]
[EventType "swiss"]
[EventCountry "LAT"]
[SourceTitle "playchess.com"]
[Source "ChessBase"]
[SourceQuality "1"]
[TimeControl "5400+30"]

1. d4 Nf6 2. c4 e6 3. Nf3 d5 4. g3 Bb4+ 5. Bd2 Bd6 6. Bg2 O-O 7. O-O c6 8. Nc3 dxc4 9. e4 Be7 10. a4 b6 11. Qe2 Qe8 12. Bg5 Bb7 13. Nd2 b5 14. Bxf6 gxf6 15. e5 Qd7 16. exf6 Bxf6 17. Nde4 Be7 18. Rad1 Na6 19. Nc5 Nxc5 20. dxc5 Qc7 21. Qg4+ Kh8 22. Qd4+ e5 23. Qd7 Rac8 24. Qf5 Bxc5 25. Rd7 1-0

[Event "8th RTU Open 2018"]
[Site "Riga"]
[Date "2018.08.06"]
[Round "1"]
[White "Pechac, Jergus"]
[Black "Adocchio, Giampiero"]
[Result "1-0"]
[ECO "E21"]
[WhiteElo "2431"]
[BlackElo "2136"]
[Annotator "NA"]
[PlyCount "49"]
[EventDate "2018.08.06"]
[EventType "swiss"]
[EventCountry "LAT"]
[SourceTitle "playchess.com"]
[Source "ChessBase"]
[SourceQuality "1"]
[TimeControl "5400+30"]

1. d4 Nf6 2. c4 e6 3. Nc3 Bb4 4. Nf3 d5 5. Qa4+ Nc6 6. a3 Bxc3+ 7. bxc3 O-O 8. Bg5 h6 9. Bh4 g5 10. Bg3 Ne4 11. Qc2 f5 12. e3 Na5 13. Ne5 c5 14. f3 Nxg3 15. hxg3 Kg7 16. Kf2 Nc6 17. Nxc6 bxc6 18. dxc5 Qe7 19. cxd5 cxd5 20. c4 Qxc5 21. Qc3+ Kg6 22. Be2 Ba6 23. f4 g4 24. Qe5 Rae8 25. Bxg4 1-0

[Event "8th RTU Open 2018"]
[Site "Riga"]
[Date "2018.08.06"]
[Round "1"]
[White "Korchmar, Vasiliy"]
[Black "Etxagibel Larranaga, Asier"]
[Result "1-0"]
[ECO "D11"]
[WhiteElo "2415"]
[BlackElo "2134"]
[Annotator "NA"]
[PlyCount "99"]
[EventDate "2018.08.06"]
[EventType "swiss"]
[EventCountry "LAT"]
[SourceTitle "playchess.com"]
[Source "ChessBase"]
[SourceQuality "1"]
[TimeControl "5400+30"]

1. d4 d5 2. c4 c6 3. Nf3 Nf6 4. g3 dxc4 5. Bg2 b5 6. Ne5 Bb7 7. O-O e6 8. b3 cxb3 9. axb3 Bd6 10. Nc3 Qc7 11. Qc2 a6 12. Nd3 Nbd7 13. Ne4 Nxe4 14. Bxe4 Rc8 15. b4 O-O 16. Bb2 h6 17. Rfc1 Nb6 18. Nc5 Nc4 19. Bc3 Qe7 20. Bh7+ Kh8 21. Bd3 Nb6 22. e4 Bxc5 23. dxc5 Nd7 24. e5 Rfd8 25. Rd1 Nf8 26. Bb2 Rd7 27. Be4 Rd5 28. Bxd5 cxd5 29. Bd4 Nd7 30. Qd2 Nb8 31. f4 Nc6 32. Rf1 Kg8 33. Rf3 Rf8 34. Re1 Ra8 35. Ra1 Qc7 36. g4 a5 37. bxa5 Rxa5 38. Rxa5 Nxa5 39. f5 Nc4 40. Qf4 Bc8 41. f6 g5 42. Qg3 Qa5 43. h4 Nd2 44. Ra3 Qb4 45. Qd3 Nf3+ 46. Qxf3 Qxd4+ 47. Kg2 Bb7 48. hxg5 hxg5 49. Ra7 Bc6 50. Rc7 1-0

[Event "8th RTU Open 2018"]
[Site "Riga"]
[Date "2018.08.06"]
[Round "1"]
[White "Fenil, Shah"]
[Black "Lahav, Michal"]
[Result "1-0"]
[ECO "A45"]
[WhiteElo "2412"]
[BlackElo "2131"]
[Annotator "NA"]
[PlyCount "21"]
[EventDate "2018.08.06"]
[EventType "swiss"]
[EventCountry "LAT"]
[SourceTitle "playchess.com"]
[Source "ChessBase"]
[SourceQuality "1"]
[TimeControl "5400+30"]

1. d4 Nf6 2. Nc3 e6 3. Bf4 Be7 4. Nf3 O-O 5. e4 d5 6. Bd3 b6 7. h4 Ba6 8. e5 Nfd7 9. Bxh7+ Kh8 10. Ng5 g6 11. Qg4 1-0

[Event "8th RTU Open 2018"]
[Site "Riga"]
[Date "2018.08.06"]
[Round "1"]
[White "Wenninger, Philipp"]
[Black "Valantiejus, Vaidotas"]
[Result "1-0"]
[ECO "D34"]
[WhiteElo "2408"]
[BlackElo "2128"]
[Annotator "NA"]
[PlyCount "121"]
[EventDate "2018.08.06"]
[EventType "swiss"]
[EventCountry "LAT"]
[SourceTitle "playchess.com"]
[Source "ChessBase"]
[SourceQuality "1"]
[TimeControl "5400+30"]

1. d4 d5 2. c4 e6 3. Nc3 c5 4. cxd5 exd5 5. Nf3 Nc6 6. g3 Nf6 7. Bg2 Be7 8. O-O O-O 9. Bg5 c4 10. Ne5 Be6 11. Rc1 h6 12. Bf4 Rc8 13. Nxc6 Rxc6 14. e4 dxe4 15. Nxe4 Nxe4 16. Bxe4 Bd5 17. Qf3 Bxe4 18. Qxe4 Bg5 19. Bxg5 Qxg5 20. h4 Qb5 21. d5 Rd6 22. Rxc4 Rxd5 23. Rc7 Rd7 24. Rc2 Rfd8 25. Re1 Rd4 26. Qe5 Qxe5 27. Rxe5 Rd2 28. Re2 Rxe2 29. Rxe2 Kf8 30. Kg2 h5 31. Kf3 g6 32. Rc2 Rd7 33. Kf4 f6 34. Ke4 Kf7 35. a3 a6 36. Rc3 Ke6 37. Rb3 b5 38. Rc3 Rd6 39. Rc7 f5+ 40. Ke3 Ke5 41. b3 Kf6 42. a4 bxa4 43. bxa4 Ke5 44. Rc5+ Ke6 45. a5 Kd7 46. Kf4 Rd2 47. Kg5 Rxf2 48. Kxg6 Rg2 49. Rxf5 Rxg3+ 50. Kxh5 Kc6 51. Kh6 Rh3 52. h5 Rg3 53. Rg5 Rd3 54. Rf5 Rg3 55. Kh7 Rg1 56. h6 Rg2 57. Kh8 Rg1 58. h7 Rg2 59. Rf8 Kb5 60. Rg8 Rh2 61. Rg5+ 1-0

[Event "8th RTU Open 2018"]
[Site "Riga"]
[Date "2018.08.06"]
[Round "1"]
[White "Seeman, Tarvo"]
[Black "Sarbay, Alexander"]
[Result "1-0"]
[ECO "A39"]
[WhiteElo "2405"]
[BlackElo "2122"]
[Annotator "NA"]
[PlyCount "117"]
[EventDate "2018.08.06"]
[EventType "swiss"]
[EventCountry "LAT"]
[SourceTitle "playchess.com"]
[Source "ChessBase"]
[SourceQuality "1"]
[TimeControl "5400+30"]

1. Nf3 c5 2. c4 Nf6 3. Nc3 Nc6 4. g3 g6 5. Bg2 Bg7 6. O-O O-O 7. d4 cxd4 8. Nxd4 Nxd4 9. Qxd4 d6 10. Qd2 Be6 11. Bxb7 Rb8 12. Bg2 Bxc4 13. b3 Nd5 14. Nxd5 Bxd5 15. Bb2 Bxb2 16. Qxb2 Bxg2 17. Kxg2 Qa5 18. Rac1 Qd5+ 19. f3 Rfc8 20. Rxc8+ Rxc8 21. Rc1 Rxc1 22. Qxc1 Qe5 23. Kf2 Qh5 24. h4 Qf5 25. Kg2 Qe5 26. Qd2 d5 27. b4 d4 28. a4 Qd5 29. Qc2 f5 30. b5 Kf7 31. Kf2 Qd6 32. Qc4+ e6 33. a5 f4 34. g4 Qd8 35. Kf1 Qxa5 36. Qxd4 Qxb5 37. Qxf4+ Kg8 38. Qc7 Qb1+ 39. Kg2 Qa2 40. Qb8+ Kg7 41. Qe5+ Kf7 42. Kf2 a5 43. Qh8 Qd5 44. Qxh7+ Kf8 45. Qh8+ Kf7 46. g5 Qf5 47. e4 Qf4 48. Qh7+ Kf8 49. Qxg6 Qxh4+ 50. Kg2 Ke7 51. Qf6+ Kd7 52. Qd4+ Kc6 53. Qc4+ Kd7 54. Qb5+ Ke7 55. Qxa5 Qf4 56. g6 Kf6 57. Qh5 Qd2+ 58. Kh3 Qd7 59. e5+ 1-0

[Event "8th RTU Open 2018"]
[Site "Riga"]
[Date "2018.08.06"]
[Round "1"]
[White "Kreisl, Robert"]
[Black "Leidorf, Sebastian"]
[Result "1-0"]
[ECO "A06"]
[WhiteElo "2404"]
[BlackElo "2119"]
[Annotator "NA"]
[PlyCount "65"]
[EventDate "2018.08.06"]
[EventType "swiss"]
[EventCountry "LAT"]
[SourceTitle "playchess.com"]
[Source "ChessBase"]
[SourceQuality "1"]
[TimeControl "5400+30"]

1. Nf3 d5 2. g3 e6 3. Bg2 Nf6 4. O-O Be7 5. c4 O-O 6. b3 c5 7. Bb2 b6 8. e3 Bb7 9. Nc3 Nbd7 10. Qe2 Rc8 11. d3 Qc7 12. Rac1 Qb8 13. Ne1 dxc4 14. bxc4 Rfd8 15. f4 a6 16. a4 Qa8 17. g4 Bxg2 18. Nxg2 Nb8 19. f5 exf5 20. g5 Ne8 21. Rxf5 Nd6 22. Rf3 Nc6 23. Nd5 Qb7 24. Rh3 Bxg5 25. Qg4 h6 26. Nf6+ Kf8 27. Nh7+ Kg8 28. Nxg5 hxg5 29. Qxg5 Ne8 30. Nf4 Qe7 31. Qh5 f6 32. Nd5 Qe6 33. Rf1 1-0

[Event "8th RTU Open 2018"]
[Site "Riga"]
[Date "2018.08.06"]
[Round "1"]
[White "Player, Edmund C"]
[Black "Kulaots, Kaido"]
[Result "1/2-1/2"]
[ECO "B40"]
[WhiteElo "2194"]
[BlackElo "2554"]
[Annotator "ChessBase"]
[PlyCount "128"]
[EventDate "2018.08.06"]
[EventType "swiss"]
[EventCountry "LAT"]
[SourceTitle "playchess.com"]
[Source "ChessBase"]
[SourceQuality "1"]
[TimeControl "5400+30"]

1. e4 c5 2. Nf3 e6 3. c3 d5 4. exd5 Qxd5 5. d4 Nf6 6. Na3 Nc6 7. Be2 Qd8 8. Nc2 Bd6 9. dxc5 Bxc5 10. Qxd8+ Kxd8 11. Be3 Bxe3 12. Nxe3 Ke7 13. Rd1 Bd7 14. O-O Rhc8 15. Rfe1 Rc7 16. Nd2 g5 17. Nf3 h6 18. Nd4 Nxd4 19. Rxd4 Rc5 20. Bf3 Rb8 21. c4 a5 22. a3 a4 23. Nd5+ Nxd5 24. cxd5 b5 25. dxe6 Bxe6 26. h3 Rc2 27. Re2 Rc1+ 28. Kh2 Rd8 29. Rxd8 Kxd8 30. Re5 Bc4 31. Bc6 Kc7 32. Bxb5 Kd6 33. Rf5 Bb3 34. Rf6+ Ke5 35. Ra6 Rc2 36. Bxa4 Bxa4 37. Rxa4 Rxb2 38. f3 Ra2 39. h4 gxh4 40. Rxh4 Rxa3 41. Rxh6 f5 42. Kg3 f4+ 43. Kg4 Ra2 44. g3 fxg3 45. f4+ Ke4 46. Re6+ Kd5 47. Re5+ Kd6 48. Kxg3 Ra8 49. Kg4 Rg8+ 50. Rg5 Ra8 51. Re5 Rg8+ 52. Rg5 Ra8 53. Rg7 Ke6 54. Kg5 Rf8 55. Rg6+ Ke7 56. Rg7+ Ke6 57. Rg6+ Ke7 58. f5 Ra8 59. Rb6 Rg8+ 60. Rg6 Ra8 61. Rg7+ Kf8 62. Rh7 Kg8 63. Rb7 Ra6 64. Rc7 Rb6 1/2-1/2

[Event "8th RTU Open 2018"]
[Site "Riga"]
[Date "2018.08.06"]
[Round "1"]
[White "Krustkalns, Kristaps"]
[Black "Kollars, Dmitrij"]
[Result "0-1"]
[ECO "C77"]
[WhiteElo "2189"]
[BlackElo "2549"]
[Annotator "ChessBase"]
[PlyCount "52"]
[EventDate "2018.08.06"]
[EventType "swiss"]
[EventCountry "LAT"]
[SourceTitle "playchess.com"]
[Source "ChessBase"]
[SourceQuality "1"]
[TimeControl "5400+30"]

1. e4 e5 2. Nf3 Nc6 3. Bb5 a6 4. Ba4 Nf6 5. d3 d6 6. c3 g6 7. O-O Bg7 8. Re1 O-O 9. Nbd2 Re8 10. Nf1 b5 11. Bb3 Na5 12. Bc2 c5 13. a4 Bb7 14. Bg5 h6 15. Bh4 d5 16. d4 g5 17. Bg3 exd4 18. e5 Ne4 19. cxd4 cxd4 20. axb5 axb5 21. Nxd4 Bxe5 22. Bxe5 Rxe5 23. f3 Qb6 24. fxe4 Nc6 25. Rxa8+ Bxa8 26. exd5 Nxd4 0-1

[Event "8th RTU Open 2018"]
[Site "Riga"]
[Date "2018.08.06"]
[Round "1"]
[White "Zhuravlev, Stepan"]
[Black "Praggnanandhaa, R."]
[Result "0-1"]
[ECO "D07"]
[WhiteElo "2188"]
[BlackElo "2532"]
[Annotator "ChessBase"]
[PlyCount "120"]
[EventDate "2018.08.06"]
[EventType "swiss"]
[EventCountry "LAT"]
[SourceTitle "playchess.com"]
[Source "ChessBase"]
[SourceQuality "1"]
[TimeControl "5400+30"]

1. d4 d5 2. c4 Nc6 3. cxd5 Qxd5 4. Nf3 e5 5. Nc3 Bb4 6. dxe5 Qxd1+ 7. Kxd1 Bg4 8. Kc2 O-O-O 9. Bg5 Re8 10. Rd1 h6 11. Bh4 Nge7 12. e3 Nf5 13. Bg3 Nxg3 14. hxg3 Nxe5 15. Be2 Bf5+ 16. Kb3 Bxc3 17. Kxc3 Ng4 18. Rhf1 Nf6 19. Nd4 Bg6 20. Bf3 Re5 21. b3 Rd8 22. Kb2 Rd6 23. Ne2 Rxd1 24. Rxd1 Bh5 25. Nf4 Bg4 26. Rd2 c6 27. Rd4 Bf5 28. Ne2 Kc7 29. Nc3 h5 30. Ra4 a6 31. Rd4 Be6 32. Rd1 g5 33. Rd4 Rf5 34. Rd2 Re5 35. Rd4 c5 36. Rd2 b5 37. a3 Bd7 38. Nd5+ Nxd5 39. Rxd5 Rxd5 40. Bxd5 f6 41. Bf3 h4 42. gxh4 gxh4 43. Kc3 Kd6 44. Ba8 a5 45. Be4 f5 46. Bb7 Be6 47. Ba8 b4+ 48. axb4 axb4+ 49. Kc2 c4 50. bxc4 Bxc4 51. Bb7 Bd5 52. Bxd5 Kxd5 53. Kb3 Kc5 54. f3 Kb5 55. e4 fxe4 56. fxe4 Kc5 57. e5 Kd5 58. Kxb4 Kxe5 59. Kc3 Kf4 60. Kd2 Kg3 0-1

[Event "8th RTU Open 2018"]
[Site "Riga"]
[Date "2018.08.06"]
[Round "1"]
[White "Emdin, Mark"]
[Black "Maiorov, Nikita"]
[Result "1/2-1/2"]
[ECO "C54"]
[WhiteElo "2175"]
[BlackElo "2504"]
[Annotator "ChessBase"]
[PlyCount "94"]
[EventDate "2018.08.06"]
[EventType "swiss"]
[EventCountry "LAT"]
[SourceTitle "playchess.com"]
[Source "ChessBase"]
[SourceQuality "1"]
[TimeControl "5400+30"]

1. e4 e5 2. Nf3 Nc6 3. Bc4 Bc5 4. c3 Nf6 5. d3 d6 6. O-O O-O 7. Nbd2 Ne7 8. Re1 Ng6 9. Nf1 c6 10. Ng3 b5 11. Bb3 Bb6 12. a4 Bd7 13. axb5 cxb5 14. h3 Bc6 15. d4 Re8 16. dxe5 dxe5 17. Bg5 h6 18. Qxd8 Bxd8 19. Bxf6 Bxf6 20. Nf5 Bd8 21. Rad1 Bc7 22. Bd5 Bxd5 23. Rxd5 a6 24. Rd7 Bb6 25. h4 Nf8 26. Rb7 Bc5 27. b4 Ra7 28. Rxa7 Bxa7 29. Rd1 Bb8 30. Ra1 Re6 31. Nd2 Kh7 32. c4 bxc4 33. Nxc4 Rc6 34. Na5 Rc2 35. Nb7 Rc4 36. Rxa6 Rxe4 37. Ra8 Rxb4 38. Rxb8 Nd7 39. Rd8 Rxb7 40. Nd6 Rb1+ 41. Kh2 Nf6 42. Nxf7 e4 43. Rd2 Kg6 44. Nd6 Kh5 45. Re2 Kxh4 46. g3+ Kh5 47. Nxe4 Nxe4 1/2-1/2

[Event "8th RTU Open 2018"]
[Site "Riga"]
[Date "2018.08.06"]
[Round "1"]
[White "Ivanov, Platon Jaan"]
[Black "Thybo, Jesper Sondergaard"]
[Result "0-1"]
[ECO "A40"]
[WhiteElo "2169"]
[BlackElo "2496"]
[Annotator "ChessBase"]
[PlyCount "150"]
[EventDate "2018.08.06"]
[EventType "swiss"]
[EventCountry "LAT"]
[SourceTitle "playchess.com"]
[Source "ChessBase"]
[SourceQuality "1"]
[TimeControl "5400+30"]

1. d4 Nf6 2. c4 e6 3. g3 c5 4. Nf3 cxd4 5. Nxd4 Qc7 6. Nd2 Nc6 7. Nb5 Qb8 8. Bg2 Be7 9. O-O O-O 10. Nc3 a6 11. Nde4 Nxe4 12. Nxe4 d6 13. Bf4 Rd8 14. Qd3 Ne5 15. Qc3 Ng6 16. Be3 b5 17. h4 bxc4 18. h5 Nf8 19. h6 e5 20. Bg5 Bxg5 21. Nxg5 d5 22. hxg7 Ne6 23. Nxe6 Bxe6 24. f4 Qb6+ 25. Kh1 exf4 26. Rxf4 Rab8 27. b3 cxb3 28. axb3 Qxb3 29. Qxb3 Rxb3 30. Rxa6 Rxg3 31. Rd4 Rg4 32. Raa4 Rxd4 33. Rxd4 f5 34. Kh2 Kxg7 35. Kg3 Kf6 36. Kf4 Rc8 37. Bf3 Rc4 38. e3 Bf7 39. Be2 Rc2 40. Bf3 Rc4 41. Be2 Rc1 42. Ra4 Rh1 43. Ra6+ Be6 44. Bf3 Rf1 45. Rb6 h5 46. Kg3 Ke5 47. Bxh5 Bd7 48. Rb4 Ra1 49. Bf3 Ba4 50. Rd4 Bb3 51. Rd3 Bc4 52. Rd1 Ra3 53. Kf2 Bd3 54. Rd2 Rb3 55. Bd1 Ra3 56. Bf3 Rc3 57. Rb2 Rc1 58. Rd2 Bc4 59. Rd4 Rc2+ 60. Kg3 Rb2 61. Rd1 Rb3 62. Kf2 Bd3 63. Rd2 Ra3 64. Rb2 Ra8 65. Rd2 Be4 66. Bxe4 fxe4 67. Ke2 Rh8 68. Rd4 Rh2+ 69. Ke1 Ra2 70. Rd1 Kf5 71. Rxd5+ Kg4 72. Rd2 Rxd2 73. Kxd2 Kf3 74. Kd1 Kxe3 75. Ke1 Kd3 0-1

[Event "8th RTU Open 2018"]
[Site "Riga"]
[Date "2018.08.06"]
[Round "1"]
[White "Farmani Anosheh, Yasha"]
[Black "Kaczur, Florian"]
[Result "0-1"]
[ECO "A50"]
[WhiteElo "2168"]
[BlackElo "2482"]
[Annotator "ChessBase"]
[PlyCount "82"]
[EventDate "2018.08.06"]
[EventType "swiss"]
[EventCountry "LAT"]
[SourceTitle "playchess.com"]
[Source "ChessBase"]
[SourceQuality "1"]
[TimeControl "5400+30"]

1. d4 Nf6 2. c4 b6 3. Nf3 Bb7 4. Nc3 Ne4 5. Qc2 Nxc3 6. bxc3 g6 7. e4 Bg7 8. h4 h6 9. Bd3 d6 10. e5 dxe5 11. Bxg6 Qd6 12. Be4 Bxe4 13. Qxe4 Nc6 14. Ba3 Qg6 15. Qxg6 fxg6 16. O-O-O Na5 17. Nxe5 Bxe5 18. dxe5 Nxc4 19. Bb2 O-O 20. f3 Rad8 21. Rhe1 b5 22. Rd4 c5 23. Rde4 Rd5 24. R4e2 Rfd8 25. Ba1 a5 26. e6 a4 27. g4 Rd2 28. Rxd2 Rxd2 29. Rd1 Rxa2 30. Kb1 Re2 31. Rd5 Rxe6 32. Rxc5 Re1+ 33. Ka2 Re2+ 34. Kb1 Na3+ 35. Kc1 Rc2+ 36. Kd1 Rf2 37. c4 Rf1+ 38. Ke2 Rxa1 39. cxb5 Rb1 40. Rc8+ Kf7 41. Ra8 Nxb5 0-1

[Event "8th RTU Open 2018"]
[Site "Riga"]
[Date "2018.08.06"]
[Round "1"]
[White "Poysti, Nathanael Nicolai"]
[Black "Yankelevich, Lev"]
[Result "0-1"]
[ECO "C55"]
[WhiteElo "2136"]
[BlackElo "2420"]
[Annotator "NA RC"]
[PlyCount "94"]
[EventDate "2018.08.06"]
[EventType "swiss"]
[EventCountry "LAT"]
[SourceTitle "playchess.com"]
[Source "ChessBase"]
[SourceQuality "1"]
[TimeControl "5400+30"]

1. e4 e5 2. Nf3 Nc6 3. d4 exd4 4. Bc4 Nf6 5. e5 d5 6. Bb5 Ne4 7. Nxd4 Bc5 8. O-O O-O 9. Nxc6 bxc6 10. Bd3 f5 11. Nd2 Qe7 12. Nf3 g5 13. Bxe4 fxe4 14. Bxg5 Qe8 15. Nd4 Qg6 16. Bf6 Bh3 17. g3 Bxf1 18. Kxf1 Rxf6 19. exf6 Qxf6 20. c3 Rf8 21. Qd2 Bb6 22. b4 c5 23. bxc5 Bxc5 24. Rd1 Bb6 25. Re1 c5 26. Nc2 Qe6 27. Qe3 Qh3+ 28. Kg1 Rf5 29. f4 Rf8 30. c4 Qf5 31. Kg2 Ba5 32. Re2 d4 33. Qxe4 Qxe4+ 34. Rxe4 Rb8 35. Ne1 Rb4 36. Nd3 Rxc4 37. Re5 Bb6 38. Re8+ Kg7 39. Ne5 Rc2+ 40. Kf3 c4 41. g4 d3 42. g5 Rf2+ 43. Ke4 d2 44. Re7+ Kf8 45. Rd7 c3 46. Ng4 Re2+ 47. Kf5 Re7 0-1

[Event "8th RTU Open 2018"]
[Site "Riga"]
[Date "2018.08.06"]
[Round "1"]
[White "Sanchez Ruesga, Hector"]
[Black "Ruiz Castillo, Joshua Daniel"]
[Result "0-1"]
[ECO "E01"]
[WhiteElo "2134"]
[BlackElo "2415"]
[Annotator "NA"]
[PlyCount "110"]
[EventDate "2018.08.06"]
[EventType "swiss"]
[EventCountry "LAT"]
[SourceTitle "playchess.com"]
[Source "ChessBase"]
[SourceQuality "1"]
[TimeControl "5400+30"]

1. d4 Nf6 2. c4 e6 3. g3 d5 4. Bg2 Bb4+ 5. Bd2 Be7 6. Nf3 O-O 7. O-O Nbd7 8. cxd5 exd5 9. Nc3 c6 10. Bf4 Re8 11. Ne5 Nf8 12. f3 Bd6 13. Nd3 Ne6 14. Be3 Bc7 15. Bf2 Bb6 16. e3 Ng5 17. Nf4 Bc7 18. Kh1 h5 19. Qd2 Bf5 20. Rae1 Qd7 21. Nce2 Nh3 22. Nxh3 Bxh3 23. Qd3 Bf5 24. Qd2 Bh3 25. Qd3 Ba5 26. Nc3 Bf5 27. Qd2 Bh3 28. Qd3 Re7 29. a3 Rae8 30. b4 Bc7 31. Bg1 Nh7 32. Qc2 Bxg2+ 33. Qxg2 f5 34. Rb1 a6 35. Rfc1 Re6 36. Qc2 Rh6 37. a4 h4 38. gxh4 Rxh4 39. b5 axb5 40. axb5 Re6 41. bxc6 bxc6 42. Rb7 Qd8 43. Ra1 Reh6 44. f4 Nf6 45. Raa7 Ne8 46. Qxf5 Nd6 47. Qb1 Nxb7 48. Qxb7 Rg4 49. Qxc7 Qh4 50. Qf7+ Kh7 51. Qf5+ Rhg6 52. Ne2 Qh3 53. Ng3 Rxg3 54. Qxh3+ Rxh3 55. Rc7 Rf3 0-1